 Dungeon Crawl Stone Soup version 0.30-a0-802-gb92711bcdf (webtiles) character file.

Game seed: 11187559844486160043

8789 bmack86 the Cleaver (level 11, -13/99 HPs)
             Began as a Minotaur Fighter on Feb 24, 2023.
             Was a Priest of Okawaru.
             Mangled by a death yak (20 damage)
             ... on level 10 of the Dungeon.
             The game lasted 00:26:39 (9028 turns).

bmack86 the Cleaver (Minotaur Fighter)              Turns: 9028, Time: 00:26:40

Health: -13/99     AC: 19    Str: 22    XL:     11   Next: 14%
Magic:  12/12      EV:  7    Int:  5    God:    Okawaru [***...]
Gold:   360        SH: 10    Dex:  9    Spells: 10/10 levels left

rFire   . . .      SeeInvis +    E - +1 war axe (vamp)
rCold   + . .      Faith    .    u - +0 kite shield
rNeg    . . .      Spirit   .    p - +0 chain mail
rPois   +          Reflect  .    n - +0 hat of Iclo {rElec rC+ Str-4 SInv}
rElec   +          Harm     .    w - +0 cloak
rCorr   .          Rampage  .    (no gloves)
Will    .....                    m - +0 pair of boots Stlth
                                 (no amulet)
HPRegen 0.36/turn                k - +4 ring of protection
MPRegen 0.13/turn                b - ring of poison resistance

@: studying 2 skills
A: horns 2, retaliatory headbutt
a: Renounce Religion, Heroism


You were on level 10 of the Dungeon.
You worshipped Okawaru.
Okawaru was most pleased with you.
You visited 2 branches of the dungeon, and saw 11 of its levels.
You also visited: Sewer.

You collected 542 gold pieces.
You spent 182 gold pieces at shops.

Inventory:

Hand Weapons
 a - a +1 heavy war axe
 E - a +1 vampiric war axe (weapon)
Missiles
 e - 26 poisoned darts (quivered)
 x - 3 curare-tipped darts
 y - 2 boomerangs
Armour
 m - a +0 pair of boots (worn)
 n - the +0 hat of Iclo (worn) {rElec rC+ Str-4 SInv}
   (You acquired it on level 8 of the Dungeon)

   Str:       It affects your strength (-4).
   rC:        It protects you from cold.
   rElec:     It insulates you from electricity.
   SInv:      It lets you see invisible.
 p - a +0 chain mail (worn)
 u - a +0 kite shield (worn)
 w - a +0 cloak (worn)
Jewellery
 b - a ring of poison resistance (right hand)
 c - a ring of fire
 k - a +4 ring of protection (left hand)
 D - a +6 ring of intelligence
Wands
 q - a wand of iceblast (19)
 F - a wand of flame (17)
Scrolls
 f - 4 scrolls of teleportation
 g - 2 scrolls of immolation
 h - a scroll of poison
 t - 2 scrolls of silence
 v - 5 scrolls of identify
 C - a scroll of amnesia
 G - a scroll of magic mapping
Potions
 d - a potion of haste
 i - 2 potions of brilliance
 j - 6 potions of curing
 l - 4 potions of attraction
 o - a potion of magic
 r - 2 potions of heal wounds
 s - a potion of berserk rage
 z - 4 potions of mutation
 A - 2 potions of invisibility
 B - 2 potions of flight
 H - a potion of ambrosia {unknown}
 I - a potion of cancellation {unknown}


   Skills:
 + Level 9.7 Fighting
 * Level 12.0 Axes
 + Level 6.7 Throwing
 + Level 11.7 Armour
 + Level 9.1 Shields
 + Level 3.5 Invocations


You had 10 spell levels left.
You didn't know any spells.
Your spell library contained the following spells:

 Spells                   Type           Power      Damage    Failure   Level
 Foxfire                  Conj/Fire      0%         2x1d4     100%        1
 Freeze                   Ice            0%         1d3       100%        1
 Frozen Ramparts          Ice            0%         1d1       100%        3
 Hailstorm                Conj/Ice       0%         3d3       100%        3
 Stone Arrow              Conj/Erth      0%         3d7       100%        3
 Borgnjor's Vile Clutch   Necr/Erth      0%         N/A       100%        5
 Fireball                 Conj/Fire      0%         3d3       100%        5
 Starburst                Conj/Fire      0%         6d3       100%        6
 Lehudib's Crystal Spear  Conj/Erth      0%         10d2      100%        8
 Animate Armour           Summ/Erth      Unusable   N/A       N/A         4
 Animate Dead             Necr           Unusable   N/A       N/A         4
 Death Channel            Necr           Unusable   N/A       N/A         6

Dungeon Overview and Level Annotations

Branches:
Dungeon (10/15)            Temple (1/1) D:7            Lair (0/5) D:10
    Orc (0/2) D:10          Sewer (visited)

Altars:
Ashenzari
Cheibriados
Dithmenos
Elyvilon
Fedhas
Gozag
Hepliaklqana
Kikubaaqudgha
Makhleb
Nemelex Xobeh
Okawaru
Qazlal
Ru
Sif Muna
Trog
Uskayaw
Vehumet
Wu Jian
Xom
Yredelemnul
Zin
The Shining One

Shops:
D:3 [   D:6 (   D:9 [?(   D:10 (*[:(


Innate Abilities, Weirdness & Mutations

You have a pair of horns on your head.
You reflexively headbutt those who attack you in melee.


Message History

The death yak gores you!
You see here a death yak corpse.
The yak attacks as you move away! The yak gores you but does no damage.
You block the death yak's attack.
You barely miss the yak.
The yak is moderately wounded.
You slash the komodo dragon!
You feel better.
You hit the death yak.
You feel better. You block the yak's attack. You block the death yak's attack.
The komodo dragon bites you!!
You completely miss the yak.
The yak is moderately wounded.
You hit the death yak but do no damage.
You hit the komodo dragon but do no damage.
The death yak gores you! You block the komodo dragon's attack.
You barely miss the death yak.
You headbutt the death yak, but do no damage.
The death yak is moderately wounded.
You slash the death yak!
You feel better.
You hit the komodo dragon. You hit the yak.
The yak gores you but does no damage. You block the death yak's attack.
The death yak barely misses you. You furiously retaliate!
You headbutt the death yak! The komodo dragon bites you!!
* * * LOW HITPOINT WARNING * * *
You hit the death yak but do no damage.
The death yak is heavily wounded.
You hit the death yak.
You feel better.
You hit the komodo dragon.
You feel better.
You barely miss the yak. You block the yak's attack.
The death yak gores you but does no damage. x2
The komodo dragon bites you but does no damage.
You hit the death yak but do no damage.
The death yak is heavily wounded.
You hit the komodo dragon. You completely miss the yak.
You barely miss the death yak. The yak gores you but does no damage.
The death yak gores you but does no damage. x2
The komodo dragon bites you!!
* * * LOW HITPOINT WARNING * * *
The death yak gores you but does no damage.
The yak closely misses you. You furiously retaliate!
You headbutt the yak! The death yak gores you!!
You die...

#. .... ..#. #..
##...###.... #..#
##...........
#...##...#........
##...#...##.......#
#..................
........†.Yl..#..>.
........†.Y@...#
#........##Y#......
##......###.# .....
#..####..##/. ....
#### #. ##..#########
####..## .
##.........###.##.#.#
##.....#......#.#>.#
##..>....#########.#
#.......## ##.


You could see 2 death yaks, a komodo dragon and a yak.

Vanquished Creatures
  A two-headed ogre (D:8)
  3 death yaks (D:10)
  2 hornets (D:7)
  2 wraiths (D:10)
  8 yaks (D:10)
  3 wyverns
  2 steam dragons
  An acid dragon (D:8)
  A water moccasin (D:8)
  Duvessa (D:4)
  3 black bears
  2 ice beasts
  2 sky beasts (D:7)
  3 ogres
  2 phantoms
  3 centaurs
  6 kobold brigands
  3 bullfrogs
  A scorpion (D:4)
  3 wights (D:9)
  Dowan (D:4)
  7 killer bees
  4 howler monkeys
  An electric eel (D:10)
  3 jellies (D:3)
  3 hounds
  3 orc priests
  A gnoll bouda (D:5)
  Natasha (thrice) (D:3)
  Ijyb (D:3)
  5 iguanas
  3 orc wizards
  4 gnolls (D:5)
  15 adders
  4 river rats (Sewer)
  A shadow imp (D:5)
  2 worms (Sewer)
  A dart slug (D:1)
  15 orcs
  5 ball pythons
  4 bats
  25 endoplasms
  2 giant cockroaches (D:5)
  2 goblins
  3 hobgoblins
  5 jackals
  21 kobolds
  3 quokkas (D:5)
  4 frilled lizards (D:1)
  4 rats
  A toadstool (D:3)
208 creatures vanquished.

Vanquished Creatures (others)
  A sky beast (D:7)
  2 fungi (D:3)
  17 plants (D:10)
  9 toadstools (D:3)
29 creatures vanquished.

Grand Total: 237 creatures vanquished

Notes
Turn   | Place    | Note
-------+----------+-------------------------------------------
     0 | D:1      | bmack86 the Minotaur Fighter began the quest for the Orb.
     0 | D:1      | Reached XP level 1. HP: 19/19 MP: 0/0
   122 | D:1      | Reached XP level 2. HP: 27/27 MP: 1/1
   257 | D:1      | Reached skill level 3 in Axes
   389 | D:1      | Found a faded altar of an unknown god.
   781 | D:2      | Reached skill level 1 in Throwing
   781 | D:2      | Reached XP level 3. HP: 24/33 MP: 2/2
  1151 | D:3      | Reached XP level 4. HP: 37/40 MP: 3/3
  1163 | D:3      | Reached skill level 4 in Axes
  1163 | D:3      | Reached XP level 5. HP: 20/47 MP: 4/4
  1798 | D:3      | Found Buzutez's Armour Boutique.
  1927 | D:4      | Noticed Duvessa
  1928 | D:4      | Noticed Dowan
  1938 | D:4      | Noticed Natasha
  1944 | D:3      | Killed Natasha
  2020 | D:3      | Noticed Natasha
  2030 | D:3      | Killed Natasha
  2154 | D:3      | Noticed Natasha
  2159 | D:3      | Killed Natasha
  2178 | D:4      | Killed Duvessa
  2179 | D:4      | Reached skill level 5 in Axes
  2179 | D:4      | Reached XP level 6. HP: 49/55 MP: 5/5
  2447 | D:4      | Noticed Ijyb
  2452 | D:3      | Killed Ijyb
  2453 | D:3      | Reached skill level 5 in Armour
  2602 | D:4      | Killed Dowan
  2603 | D:4      | Reached skill level 5 in Fighting
  2768 | D:4      | Reached skill level 5 in Shields
  2768 | D:4      | Reached XP level 7. HP: 47/61 MP: 6/6
  2854 | D:4      | Noticed a steam dragon
  2865 | D:4      | Killed a steam dragon
  2866 | D:4      | Reached skill level 6 in Axes
  3091 | D:4      | Found a shimmering altar of Xom.
  3218 | D:5      | Entered Level 5 of the Dungeon
  3283 | D:5      | Found a glowing silver altar of Zin.
  3426 | D:5      | Reached XP level 8. HP: 45/70 MP: 7/7
  3449 | D:5      | Found an ornate altar of the Wu Jian Council.
  3468 | D:5      | Found a glowing drain.
  3494 | Sewer    | Entered a sewer
  3534 | Sewer    | Reached skill level 7 in Axes
  4307 | D:5      | Reached skill level 8 in Axes
  4952 | D:6      | Reached XP level 9. HP: 62/78 MP: 8/8
  4952 | D:6      | Found a broken altar of Ashenzari.
  5078 | D:6      | Found a shadowy altar of Dithmenos.
  5550 | D:6      | Found Enusm's Antique Weapon Shoppe.
  5714 | D:7      | Reached skill level 9 in Axes
  5768 | D:7      | Reached skill level 5 in Throwing
  5933 | D:7      | Reached skill level 10 in Axes
  6122 | D:6      | Bought a glowing war axe for 182 gold pieces
  6183 | D:7      | Found a sacrificial altar of Ru.
  6262 | D:7      | Found a staircase to the Ecumenical Temple.
  6272 | Temple   | Entered the Ecumenical Temple
  6340 | Temple   | Became a worshipper of Warmaster Okawaru
  6843 | D:8      | Reached XP level 10. HP: 79/88 MP: 9/9
  6855 | D:8      | Reached skill level 10 in Armour
  6896 | D:8      | Noticed a two-headed ogre
  6903 | D:8      | Killed a two-headed ogre
  6903 | D:8      | Reached * piety under Okawaru
  6904 | D:8      | Reached skill level 1 in Invocations
  6960 | D:8      | Found an opulent altar of Gozag.
  7058 | D:8      | Found a radiant altar of Vehumet.
  7414 | D:8      | Found a hide-covered altar of Uskayaw.
  7665 | D:8      | Identified a scroll of acquirement
  7665 | D:8      | Acquired the +0 hat of Iclo {rElec rC+ Str-4 SInv}
  7762 | D:9      | Reached skill level 11 in Axes
  7780 | D:9      | Found a basalt altar of Yredelemnul.
  7922 | D:9      | Found Siem's Armour Emporium.
  8167 | D:9      | Found Reecuam's Antique Weapon Shoppe.
  8333 | D:9      | Found Xaud's Magic Scroll Shop.
  8339 | D:9      | Acquired a manual of Fighting
  8395 | D:10     | Entered Level 10 of the Dungeon
  8403 | D:10     | Found Kaack's Book Shoppe.
  8406 | D:10     | Found Wiatuxt's Armour Emporium.
  8406 | D:10     | Found Patuej's Assorted Antiques.
  8408 | D:10     | Found Vinoc's Antique Weapon Shop.
  8454 | D:10     | Reached ** piety under Okawaru
  8532 | D:10     | Found a staircase to the Orcish Mines.
  8540 | D:10     | Found a snail-covered altar of Cheibriados.
  8660 | D:10     | Found Goxapr Buts's Antique Weapon Emporium.
  8994 | D:10     | Noticed a death yak
  8995 | D:10     | Noticed a death yak
  8998 | D:10     | Noticed a death yak
  8998 | D:10     | Noticed a death yak
  9000 | D:10     | Noticed a death yak
  9007 | D:10     | Killed a death yak
  9007 | D:10     | Reached *** piety under Okawaru
  9014 | D:10     | Killed a death yak
  9015 | D:10     | Reached XP level 11. HP: 86/97 MP: 10/12
  9021 | D:10     | Killed a death yak
  9022 | D:10     | Reached skill level 12 in Axes
  9022 | D:10     | Found a staircase to the Lair.
  9028 | D:10     | Mangled by a death yak

Illustrated notes

Levels and vault maps discovered:
D:1:      sevenhm_arrival_forest_fort_small_3, layout_rooms,
          basic_ecumenical_altar
D:2:      layout_rooms
D:3:      cheibrodos_fertilizer, layout_loops_ring, serial_shops, shop,
          serial_glass, glass_columns_c, glass_columns_a, grunt_ministairs_11
D:4:      layout_basic, mainiacjoe_overflow_six_doors_small,
          nicolae_concentric_dashed_squares_wild, kennysheep_decorative_pillar,
          corexii_hall_statues_l, minmay_manual_mares, uniq_ijyb, uniq_natasha,
          uniq_duvessa
D:5:      layout_basic, amcnicky_altar_gilded, mainiacjoe_overflow_chevrons,
          portal_sewer_entry_f
D:6:      layout_loops_cross, grunt_dithmenos_smoke,
          nicolae_ashenzari_panopticon, nicolae_take_the_stairs
D:7:      layout_loops_ring, hangedman_ru_absence, minmay_temple_entry_junction,
          hangedman_abyss_or_decor_passed
D:8:      layout_basic, lemuel_round_altar, grunt_gozag_statues,
          nicolae_vehumet_altar_sigil
D:9:      layout_loops_ring, overflow_temple_1_default, serial_shops, shop,
          shop, shop_statue
D:10:     layout_layer_cave, mainiacjoe_overflow_cross_hatched,
          dpeg_lair_monsters, orc_0_dummy, serial_shops, shop,
          nicolae_wooded_promenade, lightli_corner_chamber
Temple:   nicolae_temple_bog_church

Skill      XL: |  1  2  3  4  5  6  7  8  9 10 11 |
---------------+----------------------------------+-----
Axes           | 3 4 5 6 8 10 11 12 | 12.0
Fighting       | 4 5 6 7 9 |  9.7
Throwing       | 1 2 3 4 5 6 |  6.7
Armour         | 4 5 6 8 9 11 | 11.7
Shields        | 4 5 6 7 9 |  9.1
Invocations    | 3 |  3.5

Action                     |  1- 3 |  4- 6 |  7- 9 | 10-12 || total
---------------------------+-------+-------+-------+-------++-------
  Melee: War axe           |    49 |    73 |   325 |   134 ||   581
         Headbutt          |     2 |     4 |    45 |    36 ||    87
  Throw: Dart              |       |     1 |       |     7 ||     8
 Invoke: Heroism           |       |       |       |     1 ||     1
    Use: Scroll            |     4 |     7 |     8 |     5 ||    24
         Potion            |       |       |     2 |       ||     2
 Armour: Scale mail        |    38 |    17 |       |       ||    55
         Chain mail        |       |    55 |   210 |    89 ||   354
  Dodge: Dodged            |    28 |    35 |   109 |    45 ||   217
  Block: Buckler           |    18 |     5 |       |       ||    23
         Kite shield       |       |    36 |   172 |   100 ||   308

Table legend: (Time is in decaauts)
 A = Elapsed time spent in this place.
 B = Non-inter-level travel time spent in this place.
 C = Inter-level travel time spent in this place.
 D = Time resting spent in this place.
 E = Time spent auto-exploring this place.
 F = Levels seen in this place.
 G = Mean time per level.
                   A        B        C        D        E       F      G
               +--------+--------+--------+--------+--------+-----+--------+
         Total |   9358 |   9141 |    217 |    773 |   5641 |  12 |  779.8 |
       Dungeon |   8326 |   8134 |    192 |    773 |   5003 |  10 |  832.6 |
        Temple |    104 |     79 |     25 |      0 |     56 |   1 |  104.0 |
         Sewer |    927 |    927 |      0 |      0 |    581 |   1 |  927.0 |
               +--------+--------+--------+--------+--------+-----+--------+

Top non-repeatable levels by time:
     D:3: 1510 daAuts
     D:6: 977 daAuts
     D:5: 939 daAuts
   Sewer: 927 daAuts
     D:7: 905 daAuts
     D:8: 849 daAuts
     D:9: 724 daAuts
     D:4: 685 daAuts
    D:10: 649 daAuts
     D:1: 554 daAuts
     D:2: 530 daAuts
  Temple: 104 daAuts
